 Dungeon Crawl Stone Soup version 0.26.1-2-gb8aa6d0cf2 (webtiles) character file.

Game seed: 3706145836425834682

121 Groucho the Sneak (level 4, -4/21 HPs)
             Began as a Spriggan Enchanter on Mar 20, 2021.
             Slain by Grinder (6 damage)
             ... on level 3 of the Dungeon.
             The game lasted 00:05:43 (5974 turns).

Groucho the Sneak (Spriggan Enchanter)              Turns: 5974, Time: 00:05:44

Health: -4/21      AC:  2    Str:  5    XL:     4   Next: 76%
Magic:  5/10       EV: 18    Int: 22    God:
Gold:   147        SH:  0    Dex: 16    Spells: 1/10 levels left

rFire    . . .     SeeInvis +   a - +1 dagger
rCold    . . .     Faith    .   (shield restricted)
rNeg     . . .     Spirit   .   b - +0 robe
rPois    .         Reflect  .   (helmet restricted)
rElec    .         Harm     .   (no cloak)
rCorr    .         Rampage  .   (gloves unavailable)
Will     .....                  (boots unavailable)
Stlth    ++++......             c - amulet of the acrobat
HPRegen  0.07/turn              k - +6 ring of intelligence
MPRegen  0.12/turn              (no ring)

@: confusing touch, very quick
A: very small, unfitting armour, see invisible, speed 3
a: no special abilities


You were on level 3 of the Dungeon.
You visited 1 branch of the dungeon, and saw 3 of its levels.

You collected 147 gold pieces.

Inventory:

Hand Weapons
 a - a +1 dagger (weapon)
Missiles
 m - 2 curare-tipped darts
 q - 3 boomerangs of dispersal
Armour
 b - a +0 robe (worn)
Jewellery
 c - an amulet of the acrobat (around neck)
 k - a +6 ring of intelligence (left hand)
 l - a cursed amulet of inaccuracy {unknown}
 s - a +6 ring of intelligence
Scrolls
 h - a scroll of fear {unknown}
 i - a scroll of remove curse {unknown}
 j - a scroll of amnesia {unknown}
 n - a scroll of teleportation {unknown}
 o - 2 scrolls of identify
 p - a scroll of fog {unknown}
 r - a scroll of noise {unknown}
Potions
 d - a potion of resistance {unknown}
 e - a potion of haste {unknown}
 f - a potion of invisibility {unknown}
 g - a potion of flight {unknown}


   Skills:
 - Level 1.1 Short Blades
 - Level 3.0 Dodging
 * Level 7.3 Stealth
 + Level 3.5 Spellcasting
 + Level 4.4 Hexes


You had one spell level left.
You knew the following spells:

 Your Spells              Type           Power        Failure   Level
a - Corona                Hex            25%          1%          1
b - Ensorcelled Hibernat  Hex/Ice        26%          7%          2
c - Confusing Touch       Hex            23%          6%          3
d - Dazzling Flash        Conj/Hex       26%          14%         3

Your spell library contained the following spells:

 Spells                   Type           Power        Failure   Level
 Animate Skeleton         Necr           6%           12%         1
 Pain                     Necr           12%          12%         1
 Tukima's Dance           Hex            23%          6%          3
 Vampiric Draining        Necr           1%           34%         3
 Animate Dead             Necr           1%           75%         4
 Agony                    Necr           3%           97%         5


Dungeon Overview and Level Annotations

Branches:
Dungeon (3/15)

Altars:

Annotations:
D:3 Grinder


Innate Abilities, Weirdness & Mutations

You are very small and have problems with some larger weapons.
You are too small for most types of armour.
You have supernaturally acute eyesight. (SInv)
You cover ground extremely quickly.


Message History

Grinder is heavily wounded.
Grinder barely misses you.
You hit Grinder but do no damage.
Grinder is heavily wounded.
Grinder hits you.
You writhe in agony.
You hit Grinder but do no damage.
Grinder is heavily wounded.
Grinder hits you.
You writhe in agony.
You are too injured to fight recklessly!
You hit Grinder but do no damage.
Grinder is heavily wounded.
You hit Grinder but do no damage.
Grinder is heavily wounded.
Grinder misses you.
You hit Grinder but do no damage.
Grinder is heavily wounded.
Grinder hits you.
* * * LOW HITPOINT WARNING * * *
You writhe in agony.
You die...

###.######†.#....###
##.#.#.#.#.#........#
#..............#.....
###.#.#.#.#.####...###
#............# #..##
###.#.#.#.#.#.####..#
.............<#...##
#####.#.#.#.#.#.#..#
?...#..5@........##
#..#.#.#.#.#.#.#
#.....†..†....##
#.....#.#.#.#.#.#...#
..######.)......#.###
.............######
....[..#....#......#
###.....##.#.##.....##
#...####...........#


You could see Grinder.

Vanquished Creatures
  5 adders
  An ooze (D:1)
  2 worms (D:2)
  3 dart slugs
  An orc (D:3)
  4 giant cockroaches
  9 goblins
  7 hobgoblins
  8 kobolds
  A ball python (D:3)
  10 bats
  4 frilled lizards
  5 rats
60 creatures vanquished.

Notes
Turn   | Place    | Note
-------+----------+-------------------------------------------
     0 | D:1      | Groucho the Spriggan Enchanter began the quest for the Orb.
     0 | D:1      | Reached XP level 1. HP: 9/9 MP: 5/5
   519 | D:1      | Reached skill level 5 in Stealth
   641 | D:1      | Reached XP level 2. HP: 13/13 MP: 6/6
   662 | D:1      | Learned a level 2 spell: Ensorcelled Hibernation
  1546 | D:1      | Reached skill level 6 in Stealth
  1848 | D:2      | Reached XP level 3. HP: 16/16 MP: 5/8
  1852 | D:2      | Learned a level 3 spell: Confusing Touch
  4752 | D:3      | Reached XP level 4. HP: 21/21 MP: 9/9
  4778 | D:3      | Learned a level 3 spell: Dazzling Flash
  5077 | D:3      | Reached skill level 7 in Stealth
  5938 | D:3      | Noticed Grinder
  5974 | D:3      | Slain by Grinder

Illustrated notes

Levels and vault maps discovered:
D:1:      ebering_hopf_link, layout_basic
D:2:      layout_loops_corners, kennysheep_small_spiral, grunt_ministairs_9
D:3:      layout_rooms, st_stairs_10, uniq_grinder

Skill      XL: |  1  2  3  4 |
---------------+-------------+-----
Stealth        | 5 6 7 |  7.3
Spellcasting   | 3 |  3.5
Hexes          | 4 |  4.4
Short Blades   | |  1.1
Dodging        | |  3.0

Action                   |  1- 3 |  4- 6 || total
-------------------------+-------+-------++-------
Melee: Dagger            |   130 |    59 ||   189
 Cast: Ensorcelled Hiber |    15 |    10 ||    25
       Confusing Touch   |     1 |     2 ||     3
  Use: Scroll            |     2 |       ||     2
 Stab: Sleeping          |    28 |    11 ||    39
       Confused          |       |     1 ||     1
Armor: Robe              |    11 |       ||    11
Dodge: Dodged            |    91 |    45 ||   136
